 Dungeon Crawl Stone Soup version 0.23-a0-395-gcf17ac6 (webtiles) character file.

272 HDogLeCool the Shield-Bearer (level 6, 0/48 HPs)
             Began as a Demonspawn Fighter on Nov 2, 2018.
             Was an Initiate of Okawaru.
             Killed from afar by Natasha (9 damage)
             ... with a wand of flame (7)
             ... on level 3 of the Dungeon.
             The game lasted 00:06:56 (2676 turns).

HDogLeCool the Shield-Bearer (Demonspawn Fighter)   Turns: 2676, Time: 00:06:57

Health: 0/48       AC: 11    Str: 18    XL:     6   Next: 2%
Magic:  6/6        EV:  5    Int:  9    God:    Okawaru [......]
Gold:   94         SH:  9    Dex: 13    Spells: 5/5 levels left

rFire    . . .     SeeInvis .   a - +0 war axe
rCold    . . .     Gourm    .   c - +0 shield
rNeg     . . .     Faith    .   p - +0 chain mail
rPois    .         Spirit   .   (helmet restricted)
rElec    .         Reflect  .   (no cloak)
rCorr    .         Harm     .   l - +1 pair of gloves
MR       .....                  (no boots)
Stlth    ..........             (no amulet)
HPRegen  0.16/turn              (no ring)
MPRegen  0.10/turn              (no ring)

@: slowed, very slow
A: antennae 2, powered by death 1
a: Renounce Religion


You were on level 3 of the Dungeon.
You worshipped Okawaru.
Okawaru was noncommittal.
You were not hungry.

You visited 1 branch of the dungeon, and saw 3 of its levels.

You collected 94 gold pieces.

Inventory:

Hand Weapons
 a - a +0 war axe (weapon)
Missiles
 h - 82 stones (quivered)
Armour
 c - a +0 shield (worn)
 l - a +1 pair of gloves (worn)
 p - a +0 chain mail (worn)
Jewellery
 g - an uncursed ring of fire {unknown}
 u - an uncursed ring of see invisible {unknown}
Scrolls
 e - 5 scrolls of teleportation {unknown}
 j - a scroll of magic mapping {unknown}
 k - a scroll of fog {unknown}
 m - a scroll of amnesia {unknown}
 r - a scroll of remove curse {unknown}
 s - a scroll of immolation {unknown}
 t - a scroll of identify {unknown}
Potions
 b - a potion of agility {unknown}
 d - a potion of might
 i - a potion of heal wounds {unknown}
 n - a potion of degeneration {unknown}
 o - 5 potions of curing {unknown}
 q - a potion of lignification {unknown}
 v - a potion of resistance {unknown}
Comestibles
 f - 10 rations
 w - a chunk of flesh


   Skills:
 + Level 3.9 Fighting
 * Level 3.5 Axes
 + Level 3.3 Armour
 - Level 0.1 Dodging
 * Level 4.2 Shields


You had 5 spell levels left.
You didn't know any spells.
Your spell library was empty.

Dungeon Overview and Level Annotations

Branches:
Dungeon (3/15)

Altars:
Okawaru
Yredelemnul

Annotations:
D:3 Natasha


Innate Abilities, Weirdness & Mutations

You have a pair of antennae on your head.
You regenerate a little health from kills.


Message History

Natasha barely misses you. Natasha claws you.
* * * LOW HITPOINT WARNING * * *
You closely miss Natasha.
Natasha is severely wounded.
Natasha barely misses you. Natasha claws you but does no damage.
You closely miss Natasha.
Natasha is severely wounded.
Natasha extends her claws.
Natasha mumbles some strange words.
You block Natasha's attack.
Okay, then.
You closely miss Natasha.
Natasha is severely wounded.
Natasha claws you but does no damage. x2
The shadow imp lashes its tail.
You block the shadow imp's attack.
You closely miss Natasha.
Natasha is severely wounded.
You hit the shadow imp.
Natasha zaps a wand.
The puff of flame hits you!
You die...

### ##.######
#######.#......
#........#(#### %
####.########.#### #..
##...........>.....
#....#..#.#.#######.####
#...h@#.#.# #.####
#.....5.#.#.# #.....
#...#.###.#.# ######
####.. #.#.# #.. #.#.#
## ..#.# # ..#.# ## ...
##. #..####.#


You could see Natasha and a shadow imp.

Vanquished Creatures
  Sigmund (D:3)
  Natasha (twice) (D:3)
  11 dart slugs (D:3)
  A worm (D:2)
  3 leopard geckos (D:2)
  A giant cockroach (D:2)
  7 goblins
  4 hobgoblins
  A ball python (D:1)
  4 bats
  3 frilled lizards
  8 kobolds
  7 rats
53 creatures vanquished.

Notes
Turn   | Place    | Note
-------+----------+-------------------------------------------
     0 | D:1      | HDogLeCool the Demonspawn Fighter began the quest for the
                  | Orb.
     0 | D:1      | Reached XP level 1. HP: 18/18 MP: 1/1
   113 | D:1      | Gained mutation: You regenerate a little health from kills.
                  | [demonic ancestry]
   113 | D:1      | Reached XP level 2. HP: 13/24 MP: 2/2
   465 | D:1      | Reached skill level 3 in Shields
  1024 | D:2      | Reached XP level 3. HP: 29/29 MP: 3/3
  2139 | D:3      | Found a basalt altar of Yredelemnul.
  2174 | D:3      | Gained mutation: You have a pair of small antennae on your
                  | head. [demonic ancestry]
  2174 | D:3      | Reached XP level 4. HP: 35/35 MP: 4/4
  2188 | D:3      | Noticed Natasha
  2240 | D:3      | Killed Natasha
  2278 | D:3      | Noticed Sigmund
  2279 | D:3      | Found an iron altar of Okawaru.
  2300 | D:3      | Killed Sigmund
  2300 | D:3      | Reached skill level 4 in Shields
  2300 | D:3      | Gained mutation: You have a pair of antennae on your head.
                  | [demonic ancestry]
  2300 | D:3      | Reached XP level 5. HP: 34/42 MP: 5/5
  2361 | D:3      | Noticed Natasha
  2376 | D:3      | Killed Natasha
  2376 | D:3      | Reached XP level 6. HP: 31/48 MP: 6/6
  2591 | D:3      | Became a worshipper of Warmaster Okawaru
  2657 | D:3      | Noticed Natasha
  2676 | D:3      | Killed from afar by Natasha

Vault maps used:
D:1:      saegor_arrival_simple_e
D:2:      minmay_crystal_water
D:3:      kennysheep_slugbush, yredelemnul_altar_generic, first_ration,
          hangedman_decor_push, minmay_misc_feat_diagonals,
          okawaru_ov_weapons_minmay, uniq_sigmund, uniq_natasha

Skill      XL: |  1  2  3  4 |
---------------+-------------+-----
Axes           | 2 3 |  3.5
Shields        | 3 4 |  4.2
Armour         | 3 |  3.3
Fighting       | |  3.9
Dodging        | |  0.1

Action                   |  1- 3 |  4- 6 || total
-------------------------+-------+-------++-------
Melee: War axe           |   126 |    67 ||   193
  Use: Potion            |       |     1 ||     1
  Eat: Chunk             |     4 |     2 ||     6
Armor: Scale mail        |    32 |       ||    32
       Chain mail        |    35 |    43 ||    78
Dodge: Dodged            |    32 |     7 ||    39
Block: Shield            |    69 |    26 ||    95

Table legend:
 A = Non-vault XP
 B = Vault XP
 C = Vault XP percentage of total XP
 D = Non-vault monster count
 E = Vault monster count
 F = Vault count percentage of total count
                 A         B        C        D         E       F
            +---------+---------+-------+---------+---------+-------
      Total |     106 |     283 |  72.8 |      41 |      12 |  22.6
            +---------+---------+-------+---------+---------+-------
        D:1 |      33 |       0 |   0.0 |      22 |       0 |   0.0
        D:2 |      26 |       0 |   0.0 |      12 |       0 |   0.0
        D:3 |      47 |     283 |  85.8 |       7 |      12 |  63.2
            +---------+---------+-------+---------+---------+-------
